 Dungeon Crawl Stone Soup version 0.22.1 (webtiles) character file.

128 Korosensei the Sneak (level 5, -10/34 HPs)
             Began as an Octopode Assassin on Sept 18, 2018.
             Killed from afar by Ijyb (12 damage)
             ... with a wand of acid (1)
             ... on level 3 of the Dungeon.
             The game lasted 00:02:00 (1475 turns).

Korosensei the Sneak (Octopode Assassin)            Turns: 1475, Time: 00:02:01

Health: -10/34     AC: -3    Str: 10    XL:     5   Next: 12%
Magic:  5/5        EV: 16    Int: 13    God:
Gold:   101        SH:  0    Dex: 15    Spells: 4/4 levels left

rFire    . . .     SeeInvis .   a - +2 dagger
rCold    . . .     Gourm    .   (no shield)
rNeg     . . .     Faith    .   (helmet restricted)
rPois    .         Spirit   .   (no amulet)
rElec    .         Reflect  .   (no ring)
rCorr    .         Harm     .   (no ring)
MR       .....                  (no ring)
Stlth    ++++......             (no ring)
HPRegen  0.11/turn              (no ring)
MPRegen  0.09/turn              (no ring)
                                (no ring)
                                (no ring)

@: corroded
A: almost no armour, stealthy swim, amphibious, 8 rings, constrict 8, camouflage
1, gelatinous body 1
a: no special abilities


You were on level 3 of the Dungeon.
You were not hungry.

You visited 1 branch of the dungeon, and saw 3 of its levels.

You collected 101 gold pieces.

Inventory:

Hand Weapons
 a - a +2 dagger (weapon)
 b - a +0 blowgun
Missiles
 c - 16 poisoned needles
 d - 2 curare-tipped needles
Scrolls
 g - a scroll of teleportation {unknown}
 h - 4 scrolls of identify {unknown}
 i - a scroll of enchant armour {unknown}
 k - 2 scrolls of immolation {unknown}
 m - a scroll of amnesia {unknown}
 o - 2 scrolls of fog {unknown}
Potions
 e - a potion of curing {unknown}
 j - a potion of flight {unknown}
 l - a potion of heal wounds {unknown}
 n - a potion of mutation {unknown}
 p - a potion of berserk rage {unknown}
 q - a potion of agility {unknown}
Comestibles
 f - 4 rations


   Skills:
 - Level 2.0 Fighting
 - Level 2.0 Short Blades
 - Level 2.0 Throwing
 + Level 4.8 Dodging
 - Level 5.3 Stealth


You had 4 spell levels left.
You didn't know any spells.
Your spell library was empty.

Dungeon Overview and Level Annotations

Branches:
Dungeon (3/15)

Altars:
Gozag
Nemelex Xobeh

Annotations:
D:3 3 runed doors, Azzok's ghost, amateur GnEn; Ijyb


Innate Abilities, Weirdness & Mutations

You cannot wear most types of armour.
You are very stealthy in the water. (Stealth+)
You are amphibious.
You can wear up to eight rings at the same time.
You can use your tentacles to constrict eight enemies at once.
Your skin changes colour to match your surroundings (Stealth+).
Your rubbery body absorbs attacks. (AC +1, EV +1)


Message History

The quokka bites you.
Ijyb zaps a wand.
The bolt of acid hits you!
Ouch! That really hurt!
* * * LOW HITPOINT WARNING * * *
The acid corrodes you!
You are splashed with acid!
The acid burns!
* * * LOW HITPOINT WARNING * * *
It is a wand of acid (2).
You are too injured to fight recklessly!
You release your grip on Ijyb.
The quokka closely misses you.
You see here a stone.
The kobold throws a stone.
The stone misses you.
Ijyb zaps a wand.
The bolt of acid hits the goblin.
The goblin is splashed with acid.
The goblin dies!
The bolt of acid misses you.
Ijyb zaps a wand.
The bolt of acid hits the quokka.
The quokka is splashed with acid.
The quokka dies!
The bolt of acid hits you!
You die...

.......# .......#
.......# ...<...#
####### .......#
##.....# .....###
#.>###(## .....#####.##
#..# ...........# ##.#
....#####..#####@#####.#
...##...........†..(...#
...#..###..........#####
#....# #.....)K#).##
#### #...##
#.........g.#..... ....#
###.......##....#
...........>.)#..#..#
.............g.##...#
#### #.....!(.........


You could see Ijyb and a kobold.

Vanquished Creatures
  A scorpion (D:2)
  An adder (D:2)
  An ooze (D:3)
  A dart slug (D:2)
  A leopard gecko (D:1)
  3 ball pythons
  2 giant cockroaches
  9 goblins
  6 hobgoblins (D:1)
  8 jackals (D:2)
  6 kobolds
  A quokka (D:2)
  9 bats
  9 frilled lizards
  4 rats
62 creatures vanquished.

Vanquished Creatures (others)
  A goblin (D:3)
  A quokka (D:3)
2 creatures vanquished.

Grand Total: 64 creatures vanquished

Notes
Turn   | Place    | Note
-------+----------+-------------------------------------------
     0 | D:1      | Korosensei the Octopode Assassin began the quest for the
                  | Orb.
     0 | D:1      | Reached XP level 1. HP: 14/14 MP: 1/1
    72 | D:1      | Reached XP level 2. HP: 18/19 MP: 2/2
   365 | D:1      | Found a sparkling altar of Nemelex Xobeh.
   495 | D:1      | Reached XP level 3. HP: 24/24 MP: 3/3
   954 | D:2      | Noticed a scorpion
   963 | D:2      | Killed a scorpion
   963 | D:2      | Reached XP level 4. HP: 29/29 MP: 4/4
  1192 | D:2      | Reached XP level 5. HP: 27/34 MP: 5/5
  1404 | D:3      | Found a runed gate.
  1404 | D:3      | Found a runed gate.
  1404 | D:3      | Found a runed gate.
  1407 | D:3      | Found an opulent altar of Gozag.
  1425 | D:3      | Noticed Azzok's ghost (amateur GnEn)
  1457 | D:3      | Noticed Ijyb
  1465 | D:3      | HP: 1/34 [acid (8)]
  1475 | D:3      | Killed from afar by Ijyb

Skill      XL: |  1  2  3 |
---------------+----------+-----
Dodging        | 2 4 |  4.8
Fighting       | |  2.0
Short Blades   | |  2.0
Throwing       | |  2.0
Stealth        | |  5.3

Action                   |  1- 3 |  4- 6 || total
-------------------------+-------+-------++-------
Melee: Dagger            |    53 |    45 ||    98
       Constrict         |    14 |    12 ||    26
       Tentacles         |    10 |     8 ||    18
 Stab: Sleeping          |    18 |     9 ||    27
  Eat: Chunk             |       |     2 ||     2
Armor: Skin              |     4 |     4 ||     8
Dodge: Dodged            |    19 |    37 ||    56
